 Dungeon Crawl Stone Soup version 0.14-a0-2432-g6b3afca (webtiles) character file.

162 4tharraofdagon the Firebug (level 5, -2/28 HPs)
             Began as a Tengu Fire Elementalist on Feb 4, 2014.
             Slain by a worker ant (4 damage)
             ... while paralysed by a potion of paralysis
             ... on Level 5 of the Dungeon.
             The game lasted 00:03:23 (498 turns).

4tharraofdagon the Firebug (Tengu Fire Elementalist) Turns: 498, Time: 00:03:23

HP  -2/28        AC  3     Str  8      XL: 5   Next: 11%
MP  11/11        EV  2     Int 16      God:
Gold 34          SH  0     Dex 15      Spells:  3 memorised,  1 level left

rFire  . . .     SeeInvis .     k - +0 quarterstaff
rCold  . . .     Clarity  .     g - +0 leather armour
rNeg   . . .     Conserve .     (no shield)
rPois  .         rCorr    .     (helmet restricted)
rElec  .         rRot     .     (no cloak)
SustAb . .       Spirit   .     (no gloves)
rMut   .         Warding  .     (boots unavailable)
Saprov . . .     Stasis   .     (no amulet)
MR     .....                    (no ring)
                                (no ring)

@: paralysed, not resistant to hostile enchantments, fairly stealthy
A: able to fly, beak, talons 3
a: Fly


You were on level 5 of the Dungeon.
You were not hungry.

You visited 1 branch of the dungeon, and saw 5 of its levels.

You collected 34 gold pieces.

Inventory:

Hand weapons
 k - a +0,+0 quarterstaff (weapon)
Missiles
 e - 19 darts (quivered)
Armour
 a - a +0 robe
 g - a +0 leather armour (worn)
Comestibles
 c - 2 bread rations
 h - a pear
 i - a meat ration
Scrolls
 d - a scroll of remove curse {unknown}
 f - a scroll of enchant weapon I {unknown}
 l - a scroll of random uselessness
Jewellery
 n - an uncursed ring of flight
Potions
 m - a potion of heal wounds {unknown}
Books
 b - a book of Flames

   Spells                             Type                      Level
   *Flame Tongue                      Conjuration/Fire             1
   Throw Flame                        Conjuration/Fire             2
   *Conjure Flame                     Conjuration/Fire             3
   Inner Flame                        Hexes/Fire                   3
   *Sticky Flame                      Conjuration/Fire             4
   Fireball                           Conjuration/Fire             5


   Skills:
 - Level 2.1 Dodging
 - Level 2.0 Stealth
 + Level 2.5 Spellcasting
 * Level 4.1 Conjurations
 * Level 4.7 Fire Magic


You had one spell level left.
You knew the following spells:

 Your Spells              Type           Power        Failure   Level  Hunger
a - Flame Tongue          Conj/Fire      ###..        3%          1    #......
b - Conjure Flame         Conj/Fire      ###.....     12%         3    ###....
c - Sticky Flame          Conj/Fire      ###.....     34%         4    #####..


Dungeon Overview and Level Annotations

Branches:
Dungeon (5/16)
 Temple: D:4-7

Altars:


Innate Abilities, Weirdness & Mutations

You can fly.
You have a beak for a mouth.
You have claws for feet.


Message History

Unknown command.
An orc comes into view. It is wielding an orcish dagger.
The worker ant bites you.
Unknown command.
An orc comes into view. It is wielding an orcish club.
The orc shouts!
The giant gecko zombie barely misses you.
Unknown command.
The orc shouts!
The orc hits you.
* * * LOW HITPOINT WARNING * * *
Unknown command.
Unknown command.
The orc hits you with an orcish dagger.
* * * LOW HITPOINT WARNING * * *
Unknown command.
Drink which item? (? for menu, Esc to quit)
You suddenly lose the ability to move!
It was a potion of paralysis.
The worker ant bites you.
You die...

#%...........##...
#.................
#.....o...........
#.....o...........
#.................
#....g............
#.zg..............
#.ag..g...........
#@oo..............
#.oo............
#.o........
#.........
#........ #.......
#...... ##.... #


You could see a worker ant, 4 gnolls, 7 orcs and a giant gecko zombie.

Vanquished Creatures
  An ogre (D:4)
  3 adders
  A giant gecko (D:4)
  An orc (D:5)
  A giant cockroach (D:4)
  A giant newt (D:4)
  3 goblins
  2 rats
13 creatures vanquished.

Notes
Turn   | Place    | Note
--------------------------------------------------------------
     0 | D:1      | 4tharraofdagon, the Tengu Fire Elementalist, began the quest for the Orb.
     0 | D:1      | Reached XP level 1. HP: 10/10 MP: 3/3
   110 | D:2      | Reached XP level 2. HP: 9/15 MP: 0/5
   258 | D:4      | Reached skill level 4 in Fire Magic
   258 | D:4      | Reached XP level 3. HP: 8/19 MP: 2/7
   263 | D:4      | Learned a level 3 spell: Conjure Flame
   299 | D:4      | Noticed an ogre
   304 | D:4      | Killed an ogre
   304 | D:4      | Reached XP level 4. HP: 8/24 MP: 1/9
   313 | D:4      | Reached XP level 5. HP: 9/28 MP: 0/11
   337 | D:4      | Learned a level 4 spell: Sticky Flame
   442 | D:5      | Entered Level 5 of the Dungeon
   498 | D:5      | Paralysed by a potion of paralysis for 2 turns
   498 | D:5      | Slain by a worker ant

Action                   |  1- 3 |  4- 6 || total
-------------------------+-------+-------++-------
Melee: Unarmed           |     7 |       ||     7
       Quarterstaff      |       |     5 ||     5
Throw: Dart              |     1 |     7 ||     8
 Cast: Flame Tongue      |    18 |     6 ||    24
       Conjure Flame     |     1 |       ||     1
  Use: Potion            |     1 |     1 ||     2
       Scroll            |       |     2 ||     2
 Stab: Sleeping          |       |     1 ||     1
